Unix xNetHack Version 8.0.0 - last build Dec 12 2023 02:29:49 (91f4f2a3cef525215d93041de673611803b6188e). Game began 2023-12-12 13:28:25, ended 2023-12-12 16:04:19. breadmaster, lawful female human Samurai --------- |<.....*| --------- ........| |.......-# ----.---- |>......|# ## |.......|# # |.......|# ### |.......|# ------------- ## # -----.---# |..C........| ------+--############ ## # |............ # # +.......|# -.-.-- # # |...-----...| #### # |.......|# |....| # #### |...| |...| # `##########.........# |....| ##### # |...| |...|### ------.-- |....| ----|---- ##|...| |...|# # |....| |....@@.| #|...-----....# ------ |+%?+.%%| #|...........| |?**%%)%| #............| --------- ------------- Breadmaster the Ronin St:17 Dx:13 Co:18 In:9 Wi:10 Ch:8 Lawful S:404 Dlvl:3 $:0 HP:0(35) Pw:14(14) AC:-2 Xp:3/57 T:1255 Latest messages: The magic missile bounces! Kabalebo zaps an ebony wand! The wand misses you. What do you want to zap? [jmo or ?*] m "Ahem. Usage fee, 66 zorkmids." In what direction? 4 The magic missile hits Kabalebo! The magic missile bounces! What do you want to zap? [jmo or ?*] m "Ahem. Usage fee, 66 zorkmids." In what direction? 4 The magic missile hits Kabalebo! Kabalebo zaps an ebony wand! The wand misses you. What do you want to zap? [jmo or ?*] m "Hey! Usage fee, 66 zorkmids." In what direction? 4 The magic missile misses Kabalebo. The magic missile bounces! Kabalebo zaps an ebony wand! The wand hits you! What do you want to zap? [jmo or ?*] m "Usage fee, 66 zorkmids." In what direction? 4 The magic missile hits Kabalebo. The magic missile bounces! You miss Kabalebo. Kabalebo zaps an ebony wand! The wand misses you. Are you sure you want to pray? [yn] (n) y You begin praying to Amaterasu Omikami. You are surrounded by a shimmering light. Kabalebo starts to attack you, but pulls back. Kabalebo starts to attack you, but pulls back. Kabalebo starts to attack you, but pulls back. You finish your prayer. You feel that Amaterasu Omikami is well-pleased. What do you want to zap? [jmo or ?*] m "Usage fee, 267 zorkmids." In what direction? 4 The magic missile hits Kabalebo. The magic missile bounces! Kabalebo drinks a bubbly potion! Kabalebo looks better. You miss Kabalebo. Kabalebo zaps an ebony wand! The wand hits you! You die... Kabalebo takes all your possessions. Do you want to see what you had when you died? [ynq] (y) q Inventory: Inventory: 779/925 weight (27/52 slots) Weapons d - 43 +0 ya (in quiver) {43} s - a +0 elven bow {30} c - a +0 yumi {30} a - a +0 katana (weapon in hand) {40} b - a +0 wakizashi (alternate weapon; not wielded) {30} Armor w - a blessed +2 kabuto (being worn) {23} x - a blessed +0 orcish helm {30} v - an uncursed +0 pair of high boots {20} r - an uncursed +0 pair of kicking boots (being worn) {38} t - an uncursed +0 robe (being worn) {12} q - an uncursed +0 Hawaiian shirt with a flamingo motif (being worn) {4} e - an uncursed rustproof +0 splint mail (being worn) {300} Scrolls l - an uncursed scroll of amnesia {5} p - an uncursed scroll of create monster {5} g - an uncursed scroll of gold detection {5} i - an uncursed scroll of stinking cloud {5} z - an uncursed scroll of water {5} Spellbooks u - an uncursed spellbook of healing {35} Potions f - a cursed potion of blindness {20} n - an uncursed potion of levitation {20} k - an uncursed potion of speed {20} Rings A - an uncursed ring of levitation {3} Wands m - a wand of magic missile (0:0) {7} j - a wand of secret door detection (0:11) {7} o - a wand of slow monster (0:3) {7} Tools y - a cursed bag of tricks (0:8) {15} h - an uncursed oil lamp {20} Breadmaster the Samurai's attributes: Background: You were a Ronin, a level 3 female human Samurai. You were lawful, on a mission for Amaterasu Omikami who was opposed by Raijin (neutral) and Susanowo (chaotic). You were heterosexual. You were in the Dungeons of Doom, on level 3. You entered the dungeon 1255 turns ago. There was a new moon in effect when your adventure ended. You had 57 experience points, 23 more were needed to attain level 4. Your score was 404 before end-of-game adjustments. Basics: You had 0 out of 35 hit points. You had all 14 energy points (spell power). Your armor class was -2. Your wallet was empty. Autopickup was off. Final Characteristics: Your strength was 17 (limit:18/100). Your dexterity was 13 (limit:18). Your constitution was 18 (limit:18). Your intelligence was 9 (limit:18). Your wisdom was 10 (limit:18). Your charisma was 8 (limit:18). Final Status: You were not hungry. You were unencumbered. You were wielding a long sword. You had basic skill with long sword. Final Attributes: You were devoutly aligned. You were guarded. You were fast. You are dead. Miscellaneous: You never encountered a bones level. Total elapsed playing time was 1 hour, 40 minutes and 32 seconds. Major events: Turn 1: breadmaster the lawful female human Samurai entered the dungeon 1024: attained the rank of Ronin (level 3) 1255: killed by a wand Vanquished creatures: a small mimic an acid blob a jackal 2 goblins a sewer rat 4 lichens 6 newts 16 creatures vanquished. No species were genocided or became extinct. Voluntary challenges: You read items or engraved 5 times. You never genocided any monsters. You never polymorphed an object. You never changed form. You never touched an artifact. You used no wishes. You never scared an enemy with impunity. You were celibate. You never generated conflict. Achievements: You entered a shop. You attained the rank of Ronin. Dungeon overview: The Dungeons of Doom: levels 1 to 3 Level 1: A fountain. Level 2: An armor shop. Level 3: <- You were here. A general store. Final resting place for you, killed by a wand. Game over: __________ / \ / REST \ / IN \ / PEACE \ / \ | breadmaster | | 0 Au | | killed by a wand | | | | | | | | 2023 | *| * * * | * _________)/\\_//(\/(/\)/\//\/|_)_______ Sayonara breadmaster the Samurai... You died in The Dungeons of Doom on dungeon level 3 with 404 points, and 0 pieces of gold, after 1255 moves. You were level 3 with a maximum of 35 hit points when you died.